[Event "Khanty-Mansiysk FIDE GP (Women)"]
[Site "Khanty-Mansiysk"]
[Date "2014.04.09"]
[Round "1"]
[White "Zhao, Xue"]
[Black "Lagno, Kateryna"]
[Result "1-0"]
[ECO "D94"]
[WhiteElo "2552"]
[BlackElo "2543"]
[Annotator "ChessBase Website"]
[PlyCount "59"]
[EventDate "2014.04.09"]
[EventType "tourn"]
[EventRounds "11"]
[EventCountry "RUS"]
[EventCategory "10"]
[SourceTitle "CBM 160"]
[Source "ChessBase"]
[SourceDate "2014.05.15"]
[SourceVersion "1"]
[SourceVersionDate "2014.05.15"]
[SourceQuality "1"]
[TimeControl "40/5400+30:1800+30"]
[WhiteClock "1:30:00"]
[BlackClock "1:30:00"]

1. Nf3 g6 2. c4 Bg7 3. Nc3 c5 4. e3 Nf6 5. d4 O-O 6. Be2 cxd4 7. Nxd4 d5 8. O-O dxc4 9. Bxc4 a6 10. a4 Qc7 11. Ba2 (11. Qb3 Bd7 12. Nd5 Nxd5 13. Bxd5 Nc6 14. Nxc6 Bxc6 15. Bxc6 Qxc6 16.
Bd2 Rad8 17. Ba5 Qd5 18. Qb4 Rd7 19. g3 Rc8 20. Rac1 Rc6 21. e4 Qe6 22. Rcd1 h5
23. Rxd7 Qxd7 24. Qb3 Rd6 25. Bc3 Bxc3 26. Qxc3 Rd4 27. Re1 Rxa4 28. e5 e6 29.
h4 Rd4 30. Rc1 Qd5 31. Qe3 Kh7 32. Qg5 Qf3 33. Re1 Rd5 34. b4 Qf5 35. Qe3 Qg4
36. Qb6 Rd1 37. Rxd1 Qxd1+ 38. Kh2 {0-1 (38) Karimov,I (2292)-Barsov,A (2524)
Tashkent 2014}) 11... Rd8 12. Bd2 e5 {
[%emt 0:04:20] Zhao Xue's opening was quite bad, and Lagno's position before
move ten was already preferable. However something went wrong and the
Ukrainian's series of mistakes were severely punished by very active play from
Zhao Xue who proceeded to sweep Lagno off the board.} 13. Nf3 Nc6 14. Ng5 Rf8 15. Rc1 e4 16. Ngxe4 Nxe4 17. Nxe4 Bxb2 18. Qc2 Bg7 19. Bb4 Rd8 20. Ng5 Bf5 21. e4 Qf4 22. Nxf7 Rd4 23. Bd6 Bxe4 24. Qb3 Qf6 25. Qxb7 Re8 26. Ng5+ Kh8 27. Nxe4 Rdxe4 28. Qxc6 h5 29. a5 Qg5 30. Bf7 1-0

[Event "Paris FIDE GP"]
[Site "Elancourt"]
[Date "2013.09.23"]
[Round "2"]
[White "Tomashevsky, Evgeny"]
[Black "Gelfand, Boris"]
[Result "1/2-1/2"]
[ECO "D94"]
[WhiteElo "2706"]
[BlackElo "2764"]
[Annotator "ChessBase Website"]
[PlyCount "39"]
[EventDate "2013.09.22"]
[EventType "tourn"]
[EventRounds "11"]
[EventCountry "FRA"]
[EventCategory "20"]
[SourceTitle "CBM 157"]
[Source "ChessBase"]
[SourceDate "2013.11.12"]
[SourceVersion "1"]
[SourceVersionDate "2013.11.12"]
[SourceQuality "1"]
[TimeControl "40/7200:20/3600:900+30"]
[WhiteClock "2:00:00"]
[BlackClock "2:00:00"]

1. d4 {[%emt 0:00:11] Both players know each other very well as Tomashevsky
was one of Gelfand's second in the important match against Anand. Gelfand
neutralized his opponent completely and accepted a draw by repetition in a
position where he had a queen for a rook and a bishop but it was somewhat
dangerous to play on.} Nf6 2. c4 g6 3. Nc3 d5 4. Nf3 Bg7 5. e3 O-O 6. Be2 c5 7. dxc5 Qa5 8.
cxd5 Nxd5 9. Qxd5 Bxc3+ 10. Bd2 Rd8 11. Qxd8+ Qxd8 12. Bxc3 Nd7 13. Rd1 Qc7 14. O-O Nxc5 $146 (14... Qxc5 15. Rd2 f6 16. Rfd1 Nf8 17. Rd8 b6 18.
Nd4 Bb7 19. Ne6 Qc6 20. Bf3 Qxe6 21. Bxb7 Rxd8 22. Rxd8 Kg7 23. Bd5 Qf5 24. e4
Qf4 25. g3 Qc7 26. Re8 a5 27. h4 h5 28. a3 Qd6 29. Ra8 Ne6 30. Rc8 Nc7 31. Rg8+
Kh7 32. Bb3 Nb5 33. Rc8 Nxc3 34. Rxc3 Qd2 35. Bd5 Qxb2 36. Rb3 Qd4 37. Re3 Kg7
38. Kg2 f5 {0-1 (38) Clarke,P-Honfi,K Wijk aan Zee 1970}) 15. Be5 Qb6 16. Bd4 Qa5 17. Bc3 Qb6 18. Bd4 Qa5 19. Bc3 Qb6 20. Bd4 1/2-1/2

[Event "EU-ch 12th"]
[Site "Aix les Bains"]
[Date "2011.03.26"]
[Round "5"]
[White "Jakovenko, Dmitrij"]
[Black "Rapport, Richard"]
[Result "1-0"]
[ECO "D94"]
[WhiteElo "2718"]
[BlackElo "2540"]
[Annotator "Marchand,A/Primel,D"]
[PlyCount "163"]
[EventDate "2011.03.22"]
[EventType "swiss"]
[EventRounds "11"]
[EventCountry "FRA"]
[SourceTitle "CBM 142 Extra"]
[Source "ChessBase"]
[SourceDate "2011.06.27"]
[SourceVersion "1"]
[SourceVersionDate "2011.06.27"]
[SourceQuality "1"]
[TimeControl "40/5400+30:1800+30"]

1. d4 d5 2. c4 c6 3. Nc3 Nf6 4. e3 g6 {La solide variante Schlechter} 5. Nf3
Bg7 6. Be2 (6. Bd3 O-O 7. O-O Bg4 8. h3 Bxf3 9. Qxf3 e6 10. Rd1 Nbd7 11. b3 (
11. e4 e5 12. dxe5 (12. exd5 exd4 {Polugaevsky,L-Smyslov,V Moscow CCCT 1960 (5)
0-1}) 12... Nxe5 13. Qe2 d4 14. Bc2 Nfd7 15. Na4 Qa5 16. Bd2 {Bisguier,
A-Smyslov,V URS-USA Moscow 1955 (2) 0-1} (16. f4 d3 {Smyslov}))) 6... O-O 7.
O-O {01h31} Be6 {01h29 Une ligne secondaire etB g4 ouN bd7 sont les grandes
lignes} (7... Bg4 8. h3 Bxf3) (7... Nbd7) 8. cxd5 {Joué après 20 mns de
réflexion} (8. b3 {L'alternative} h6 {Ivanchuk,V (2768)-Kempinski,R (2600)
GRE-chT 39th 2011 (3.2) 1-0}) 8... cxd5 9. Qb3 {67} Qb6 {87} 10. Qxb6 {65} axb6
{88} 11. b3 Bg4 12. h3 (12. Na4 Nfd7 13. h3 Bxf3 14. Bxf3 e6 {Epishin,V (2675)
-Gulko,B (2615) Dos Hermanas 1994 (6) 1-0} (14... e5 $143 15.
Bb2 )) 12... Bxf3 13. Bxf3 e6 14. Bb2 {65} Rc8 {86} 15. Rfc1 {63}
Nc6 {85} 16. Na4 $146 {[%csl Rb6] 60} (16. Be2 Bf8 17. Na4 {1/2-1/2 Horvath,J 
(2480)-Gulko,B (2560)/Manila 1992/TD}) 16... Nd7 {[%csl Rb6] joué а tempo} 17.
Be2 {[%csl Gb5] 60} Bf8 {78 Probablement le premier coup hors préparation des
Noirs} 18. Kf1 {60} Bd6 {76} 19. Nc3 (19. a3 Na5 20. Bd1) 19... Kf8 20. Nb5 {49
} Be7 {73 Les Noirs continuent de jouer très vite} 21. a3 Nf6 (21... Na5 $5 ) 22. b4 {34} Ne4 23. Rc2 Ke8 24. Bd3 Nd6 25. Nxd6+ Bxd6 26. e4 {
32} Be7 {46} 27. Re1 $1 $14 {[%cal Ge1e8,Ge4d5] 21} Kd7 {42} 28. g3 {14} (28.
Bb5 ) 28... Bf6 {[%csl Rd4] 31} (28... dxe4 $143 {L'ouverture du
centre permettrait aux Noirs d'affaiblir le P isolé "d4" mais en contrepartie,
la paire de B serait plus active} 29. Bxe4 Bf6 30. Rd2 $16 ) 29. e5 Bg7 30. Bb5 $1 $14 f5 31. Ke2 Kd8 32. Bd3 Kd7 33. Bb5 Kd8
34. Bd3 Kd7 35. h4 Na7 $6 36. Rxc8 {10} Rxc8 37. h5 $1 {Avec un
Na7 hors-jeu, il est logique d'attaquer sur l'aile opposée} Ke7 38. Rh1 Kf7 39.
f4 Nc6 40. Kd2 Bf8 41. Be2 Kg7 42. Bc3 Ra8 43. Bb2 Re8 44. Bc3 (44. g4 $5 fxg4
45. hxg6 hxg6 46. Bxg4 Kf7 47. Rh7+ Bg7 48. Kd3 )
44... Ra8 45. Ra1 Kf7 46. Kc2 Bh6 47. Kb3 g5 48. g4 $1 {Probablement oublié
par les Noirs lorsqu'ils ont joué g5} fxg4 (48... gxf4 49. gxf5 exf5 50. Rg1
Rc8 (50... Rg8 51. Rxg8 Kxg8 52. Bf3 Ne7 53. Ka4 $18 )) 49. fxg5 Bxg5 50. Bxg4 Be3 51. Rf1+ Ke7 52. Rf6 Nxd4+ 53. Bxd4 Bxd4
54. Rxe6+ Kf8 55. Rf6+ Ke7 56. Rh6 Rh8 57. Bf5 b5 58. Re6+ $1 {répète les
coups pour gagner du temps avec l'incrément} Kf7 59. Rf6+ Ke7 60. Rh6 Rf8 (
60... Kf7 61. Rf6+) 61. Rxh7+ Kd8 (61... Rf7 {[%csl Rb5,Rb7,Gd4,Gf5] Avec des
B de couleurs opposées, Rf7 est un coup candidat mais les P b7 et b5 tombent
ensuite} 62. Rxf7+ Kxf7 63. Bc8 b6 64. e6+ (64. Bd7 Bxe5 65. Bxb5) 64... Kg7
65. Bd7 Bf6 66. Bxb5 Bg5 (66... Kh6 67. a4 ) 67. Bc6 (67. a4) 67... Kf6 68. Bxd5 {Toutes les finales de B de
couleurs opposées ne sont pas forcément nulles}) 62. Rd7+ $1 Ke8 63. Rxd5 Rxf5
64. Rxd4 Rxe5 65. Rh4 $1 $40 Kf7 66. h6 Kg8 67. h7+ $1
Kh8 {[%csl Rh8] Il suffit de monter le K blanc pour réaliser le gain technique}
68. Kc3 Rd5 69. Rh6 b6 70. Rh3 Rd7 71. Rh5 $18 Rd6 72. Kc2 Rg6 73. Kd3 Rg3+ 74.
Kd4 Rg4+ 75. Kd5 Rg6 76. Ke5 Rc6 77. Kd4 Rg6 78. Rxb5 Kxh7 79. Rf5 Rg3 80. a4
Rg4+ 81. Kc3 Kg7 82. Kb3 1-0

[Event "Metz op 31th"]
[Site "Metz"]
[Date "2013.04.21"]
[Round "2"]
[White "Sanikidze, Tornike"]
[Black "Vishnu, Prasanna V"]
[Result "1/2-1/2"]
[ECO "D94"]
[WhiteElo "2559"]
[BlackElo "2470"]
[Annotator "Metz Alekhine/Primel,D"]
[PlyCount "60"]
[EventDate "2013.04.20"]
[EventType "swiss"]
[EventRounds "9"]
[EventCountry "FRA"]
[SourceTitle "EXT 2016"]
[Source "ChessBase"]
[SourceDate "2015.10.08"]
[SourceVersion "1"]
[SourceVersionDate "2015.10.08"]
[SourceQuality "1"]
[TimeControl "40/5400:1800+30"]
[WhiteClock "1:30:00"]
[BlackClock "1:30:00"]

1. d4 d5 2. c4 c6 3. Nf3 Nf6 4. e3 g6 5. Bd3 Bg7 6. Nc3 O-O 7. O-O {89} (7. h3)
7... a6 {85} (7... Bg4 {La grande ligne} 8. h3 Bxf3 9. Qxf3 e6 10. Rd1 ) 8. cxd5 $6 {65 Les Noirs n'ont pas encore joué Nbd7 et cet
échange parait prématuré. Cet échange internvient après une longue
réflexion des Blancs quivoulaient peut-être éviter une préparation adverse
en choisissant une ligne secondaire} (8. Qc2 $142 {Plus souple} Bg4 9. Ne5 Be6
10. c5 Nbd7 11. Nxd7 (11. f4 $14 )) (8. h3 $142 b5) (8. Qb3 dxc4
9. Bxc4 b5 10. Be2 Bf5 11. Ng5 h6 12. e4 hxg5 13. exf5 gxf5 14. Bxg5 Qxd4 15.
Rad1 Qc5 16. Rc1 Qa7 17. Qb4 e6 18. Qh4 Nbd7 19. Bh6 Ne5 20. Bxg7 Kxg7 21. Qg5+
Ng6 22. h4 Nh7 23. Qg3 f4 24. Qf3 Nxh4 25. Qxf4 Ng6 26. Qd6 Nf6 27. Qxc6 Rh8
28. Qf3 Rh6 29. Ne4 Nxe4 30. Qxe4 Rah8 31. g3 f5 32. Qc6 Ne5 33. Qg2 Kf6 {
0-1 (33) Ramirez,A (2583)-Kamsky,G (2712) Las Vegas 2014}) 8... cxd5 9. Bd2 Bg4
10. Qb3 {60} Nc6 $1 $11 {54} 11. Qxb7 Qd6 12. Qb3 Bxf3
13. gxf3 {50} e5 {50} 14. dxe5 Nxe5 15. Be2 {49} Rab8 {42} 16. Qc2 Qe6 17. Kg2 h5 18. Rad1 g5 $5 {Comme les Blancs
jouent assez passivement, les Noirs prennent l'initiative à l'aile-roi.} 19.
Kg1 g4 20. fxg4 hxg4 21. Bc1 {Les Blancs se contentent de développer leurs
pièces en espérant une faute adverse} Rfc8 22. Qa4 Nc4 23. Rd4 $6 (23. Nxd5
$142 Nxd5 24. Bxc4 Qe4 25. Bb3 $16 ) 23... Nxb2 24. Bxb2 Rxb2
25. Bxg4 $2 {11} Nxg4 {12} 26. Rxg4 Rc4 27. Rxc4 dxc4 28. Qa5 {1} Rd2 $4 $138 {
4} (28... Qg4+ 29. Kh1 Qf3+ 30. Kg1 Bxc3 31. Qxc3 Rb6 ) 29. Qg5
Kf8 30. Qc5+ Kg8 1/2-1/2

[Event "Cappelle op 32nd"]
[Site "Cappelle la Grande"]
[Date "2016.02.20"]
[Round "9"]
[White "Zubov, Alexander"]
[Black "Burmakin, Vladimir"]
[Result "1/2-1/2"]
[ECO "D94"]
[WhiteElo "2603"]
[BlackElo "2556"]
[Annotator "Primel,D"]
[PlyCount "70"]
[EventDate "2016.02.13"]
[EventType "swiss"]
[EventRounds "9"]
[EventCountry "FRA"]
[SourceTitle "EXT 2017"]
[Source "ChessBase"]
[SourceDate "2016.10.25"]
[SourceVersion "1"]
[SourceVersionDate "2016.10.25"]
[SourceQuality "1"]
[TimeControl "40/5400+30:1800+30"]
[WhiteClock "0:08:29"]
[BlackClock "0:19:00"]

1. c4 c6 2. d4 Nf6 3. Nc3 d5 4. e3 g6 5. Nf3 Bg7 6. Be2 O-O 7. O-O Bg4 (7... a6
8. a4 Be6 9. Ng5 Bc8 10. Qb3 b6 11. Bd2 e6 12. Nf3 Nbd7 13. cxd5 exd5 14. a5
$14 {Gelfand,B (2733)-Kamsky,G (2705) Wch Candidates final 2007 (2.4) 1/2}) 8.
cxd5 cxd5 9. Qb3 Bc8 (9... b6 10. h3 Bxf3 11. Bxf3 e6 12. Bd2 Nc6 13. Qa4 Qd7
14. Rfc1 Na5 15. Qxd7 Nxd7 16. Nb5 Rfc8 17. Rxc8+ Rxc8 18. Nxa7 Ra8 19. Bxa5
bxa5 20. Nc6 a4 21. Rc1 Bf8 22. Be2 Kg7 23. Kf1 Bd6 24. Ke1 Rc8 25. Kd1 Nb8 26.
Na7 Rxc1+ 27. Kxc1 Bh2 28. Kd1 e5 29. g3 exd4 30. exd4 h5 31. Bf3 h4 32. gxh4
Bc7 33. Bxd5 Bd8 34. a3 Bxh4 35. Ke2 Bg5 36. Kd3 Bh4 37. f3 Bg5 38. Bc6 Bc1 39.
Kc3 {Wang,H (2717)-Li,C (2751) Huaian 2016 1-0}) 10. Ne5 e6 11. Rd1 Qb6 $146 (
11... Nfd7 12. Nd3 Nc6 13. Bd2 Nb6 14. Rac1 Nc4 15. Nb4 N6a5 16. Qc2 Bd7 17.
Be1 Rc8 18. b3 Nd6 19. Qb2 Nc6 20. Nd3 e5 21. dxe5 Nxe5 22. Nxe5 Bxe5 23. Rxd5
Qe7 24. Qa3 Bc6 25. Rdd1 Rfd8 26. Bf1 Qe6 27. Qxa7 Qg4 28. h3 Qe6 29. Qb6 Kg7
30. Ne2 Ra8 31. Nd4 Bxd4 32. Qxd4+ Kg8 33. Bc3 {1-0 (33) Dziuba,M (2589)
-Majdan,J (2386) Warsaw 2011}) 12. Qxb6 axb6 13. b3 Bd7 14. Nxd7 Nfxd7 15. Bd2
Rc8 16. Na4 Nc6 17. Bb5 Bf8 18. a3 f5 19. Rdc1 Rc7 20. Kf1 Bd6 21. h3 Kf7 22.
Ke1 Ke7 23. Kd1 Kd8 24. Rc2 Rac8 25. b4 Ke7 26. Rcc1 Ra8 27. Rc2 Rcc8 28. Rb1 (
28. Rac1) 28... Bc7 29. Rbc1 Bd8 30. Rb1 Nf6 31. Bc1 (31. f3 )
31... Ne4 32. f3 Nd6 33. Nc3 Nxb5 34. Nxb5 Na7 35. Nxa7 Rxc2 1/2-1/2